 Dungeon Crawl Stone Soup version 0.26-a0-690-gcb57259078 (webtiles) character file.

Game seed: 12161483583345872831

173 jasper the Chopper (level 5, 0/41 HPs)
             Began as a Formicid Fighter on Oct 24, 2020.
             Killed by nerve-wracking pain
             ... invoked by an orc priest
              (14 damage)
             ... on level 4 of the Dungeon.
             The game lasted 00:02:49 (2869 turns).

jasper the Chopper (Formicid Fighter)               Turns: 2869, Time: 00:02:49

Health: 0/41       AC:  8    Str: 22    XL:     5   Next: 83%
Magic:  5/5        EV:  8    Int:  7    God:
Gold:   156        SH:  9    Dex: 10    Spells: 4/4 levels left

rFire    . . .     SeeInvis +   a - +0 war axe
rCold    . . .     Faith    .   c - +0 kite shield
rNeg     . . .     Spirit   .   b - +0 scale mail
rPois    .         Reflect  .   (helmet unavailable)
rElec    .         Harm     .   (no cloak)
rCorr    .         Rampage  .   k - +0 pair of gloves
MR       .....                  (no boots)
Stlth    ..........             (no amulet)
HPRegen  0.13/turn              (no ring)
MPRegen  0.09/turn              (no ring)

@: mighty
A: permanent stasis, dig shafts and tunnels, four strong arms, antennae 3
a: Dig, Shaft Self


You were on level 4 of the Dungeon.
You visited 1 branch of the dungeon, and saw 4 of its levels.

You collected 156 gold pieces.

Inventory:

Hand Weapons
 a - a +0 war axe (weapon)
Missiles
 l - 103 stones (quivered)
 s - 2 throwing nets
Armour
 b - a +0 scale mail (worn)
 c - a +0 kite shield (worn)
 k - a +0 pair of gloves (worn)
Jewellery
 p - an uncursed ring of resist corrosion
Wands
 w - a wand of flame (23)
 x - a wand of digging (5)
Scrolls
 e - 3 scrolls of noise {unknown}
 f - 3 scrolls of immolation {unknown}
 g - 2 scrolls of remove curse {unknown}
 h - a scroll of enchant weapon {unknown}
 m - a scroll of amnesia {unknown}
 n - 3 scrolls of teleportation {unknown}
 u - 3 scrolls of identify {unknown}
Potions
 i - 2 potions of haste
 j - 2 potions of ambrosia {unknown}
 o - a potion of degeneration {unknown}
 q - 2 potions of curing {unknown}
 r - a potion of lignification {unknown}
 t - a potion of brilliance {unknown}
 v - a potion of heal wounds {unknown}
 z - a potion of stabbing {unknown}


   Skills:
 - Level 3.2 Fighting
 + Level 5.6 Axes
 - Level 3.2 Armour
 - Level 3.6 Shields


You had 4 spell levels left.
You didn't know any spells.
Your spell library was empty.

Dungeon Overview and Level Annotations

Branches:
Dungeon (4/15)
 Temple: D:4-7

Altars:
Ru


Innate Abilities, Weirdness & Mutations

You cannot be hasted, slowed, berserked, paralysed or teleported.
You can dig through walls and to a lower floor.
Your four strong arms can wield two-handed weapons with a shield.
You have a pair of large antennae on your head. (SInv)


Message History

The orc is moderately wounded.
The orc hits you.
You take 3 damage, and have 26/41 hp.
You slash the orc!
You kill the orc!
The orc priest looks braver for a moment.
You slice the orc!!
You kill the orc!
The orc priest calls down the wrath of Beogh upon you.
Beogh smites you!
You take 13 damage, and have 13/41 hp.
MASSIVE DAMAGE!!
You block the orc priest's attack.
Things that are here:
a +0 short sword; a +0 flail; a +0 leather armour You barely miss the orc priest.
The orc priest closely misses you.
You barely miss the orc priest.
The orc priest hits you but does no damage.
The orc priest invokes the aid of Beogh against you.
Pain shoots through your body!
You die...

#. #.. #.# #.#
###.# ## # ##
#.!.. .###...
...##.#.###.......
.........@o[......
..##.#.###.......
#........###...
#........# #
#.##.#.#.# #.
#<..#.# # #
##.#.#.##
....#.......#
#..........#


You could see an orc priest.

Vanquished Creatures
  Natasha (twice) (D:2)
  6 adders
  An ooze (D:2)
  3 dart slugs
  3 leopard geckos (D:1)
  8 orcs
  9 bats
  2 giant cockroaches
  2 hobgoblins
  4 jackals (D:3)
  3 kobolds
  A quokka (D:3)
  2 frilled lizards
  2 goblins (D:1)
  4 rats
52 creatures vanquished.

Vanquished Creatures (others)
  A plant (D:1)
1 creature vanquished.

Grand Total: 53 creatures vanquished

Notes
Turn   | Place    | Note
-------+----------+-------------------------------------------
     0 | D:1      | jasper the Formicid Fighter began the quest for the Orb.
     0 | D:1      | Reached XP level 1. HP: 18/18 MP: 1/1
   215 | D:1      | Reached XP level 2. HP: 23/24 MP: 2/2
   453 | D:1      | Reached skill level 3 in Axes
   834 | D:2      | Reached XP level 3. HP: 29/29 MP: 3/3
  1145 | D:2      | Noticed Natasha
  1158 | D:2      | Killed Natasha
  1158 | D:2      | Reached skill level 4 in Axes
  1158 | D:2      | Reached XP level 4. HP: 19/35 MP: 4/4
  1573 | D:2      | Noticed Natasha
  1578 | D:2      | Killed Natasha
  1604 | D:2      | Found a sacrificial altar of Ru.
  2013 | D:3      | Reached XP level 5. HP: 41/41 MP: 5/5
  2125 | D:3      | Reached skill level 5 in Axes
  2869 | D:4      | Killed from afar by an orc priest

Illustrated notes

Levels and vault maps discovered:
D:1:      kennysheep_arrival_seaside, layout_basic, lemuel_old_faithful
D:2:      layout_basic, nicolae_ru_the_path_less_chosen, uniq_natasha
D:3:      layout_basic, bh_walls_and_bars
D:4:      layout_loops_cross

Skill      XL: |  1  2  3  4  5 |
---------------+----------------+-----
Axes           | 3 4 5 |  5.6
Fighting       | |  3.2
Armour         | |  3.2
Shields        | |  3.6

Action                   |  1- 3 |  4- 6 || total
-------------------------+-------+-------++-------
Melee: War axe           |    62 |   109 ||   171
Throw: Stone             |     2 |     9 ||    11
 Abil: Dig               |     1 |       ||     1
  Use: Potion            |       |     2 ||     2
Armor: Scale mail        |    32 |    38 ||    70
Dodge: Dodged            |    18 |    37 ||    55
Block: Kite shield       |    28 |    53 ||    81

Table legend: (Time is in decaauts)
 A = Elapsed time spent in this place.
 B = Non-inter-level travel time spent in this place.
 C = Inter-level travel time spent in this place.
 D = Time resting spent in this place.
 E = Time spent auto-exploring this place.
 F = Levels seen in this place.
 G = Mean time per level.
                   A        B        C        D        E       F      G
               +--------+--------+--------+--------+--------+-----+--------+
         Total |   2936 |   2782 |    154 |    147 |   2188 |   4 |  734.0 |
       Dungeon |   2936 |   2782 |    154 |    147 |   2188 |   4 |  734.0 |
               +--------+--------+--------+--------+--------+-----+--------+

Top non-repeatable levels by time:
     D:2: 1273 daAuts
     D:3: 871 daAuts
     D:1: 758 daAuts
     D:4: 33 daAuts
